Map: 光影交错-天梯版

Players

JieShi - Winner!

  • Race: Protoss Protoss

iGXY (XY)

  • Race: Terran Terran

Event: DreamHack SC2 Masters 2021 Fall

VOD

Have the link to the VOD?

Description

Time

  • Played on: Aug. 4, 2021, 9:55 a.m.
  • Length: 12:35

All games in this series

Show
View Real Time Build Order
Export as new Build Order

JieShi Protoss - Winner!

Build Orders: 1 Gate Expand, Blink Stalkers 

Get SALT Encoding   

  12  0:00  Probe  
  13  0:12  Probe  
  14  0:17  Pylon  
  14  0:25  Probe (Chrono Boost)  
  15  0:37  Gateway, Probe (Chrono Boost)  
  16  0:43  Probe (Chrono Boost)  
  16  0:46  Assimilator  
  17  0:51  Probe  
  18  1:03  Probe  
  19  1:15  Probe  
  20  1:21  Nexus  
  20  1:31  Cybernetics Core  
  20  1:34  Probe  
  20  1:39  Assimilator  
  21  1:46  Probe  
  22  1:49  Pylon  
  22  1:58  Probe  
  23  2:04  Adept (Chrono Boost)  
  23  2:07  Warp Gate  
  25  2:10  Probe  
  26  2:16  Twilight Council  
  26  2:23  Probe (Chrono Boost)  
  26  2:24  Stalker (Chrono Boost)  
  29  2:35  Probe (Chrono Boost)  
  31  2:41  Probe (Chrono Boost)  
  31  2:43  Probe (Chrono Boost)  
  32  2:47  Probe (Chrono Boost)  
  32  2:48  Blink (Chrono Boost)  
  32  2:49  Probe  
  34  2:59  Gateway  
  34  3:01  Probe x2  
  36  3:12  Stalker  
  36  3:13  Probe  
  36  3:14  Probe  
  36  3:19  Robotics Facility  
  38  3:25  Probe  
  38  3:26  Probe  
  40  3:33  Gateway  
  40  3:38  Probe x2  
  42  3:47  Pylon  
  44  3:55  Stalker  
  44  3:58  Stalker  
  46  4:02  Nexus  
  46  4:05  Probe x2  
  46  4:06  Observer  
  49  4:11  Gateway  
  49  4:16  Pylon  
  49  4:17  Probe x2  
  49  4:20  Stalker  
  41  4:32  Probe  
  41  4:33  Probe  
  39  4:40  Warp Prism (Chrono Boost)  
  39  4:42  Stalker  
  39  4:45  Probe x2  
  45  4:52  Pylon, Charge  
  45  4:57  Probe x2  
  47  5:02  Sentry  
  49  5:09  Probe (Chrono Boost)  
  49  5:10  Probe (Chrono Boost)  
  49  5:14  Observer  
  51  5:16  Observer  
  51  5:21  Probe (Chrono Boost)  
  51  5:23  Observer  
  51  5:27  Probe (Chrono Boost)  
  51  5:29  Forge, Gateway  
  51  5:30  Probe (Chrono Boost)  
  51  5:31  Gateway  
  51  5:32  Observer, Probe (Chrono Boost)  
  55  5:39  Probe (Chrono Boost)  
  55  5:40  Probe (Chrono Boost)  
  56  5:45  Probe  
  56  5:47  Pylon  
  56  5:48  Probe  
  59  5:50  Sentry x2, Probe  
  59  5:54  Shield Battery  
  59  5:57  Probe, Immortal (Chrono Boost)  
  68  6:07  Probe  
  68  6:09  Probe  
  68  6:10  Protoss Ground Weapons Level 1 (Chrono Boost)  
  70  6:11  Probe  
  70  6:15  Gateway  
  70  6:18  Gateway  
  70  6:20  Probe  
  70  6:21  Probe  
  70  6:23  Probe  
  70  6:25  Zealot x2  
  77  6:30  Zealot x2  
  81  6:37  Immortal (Chrono Boost)  
  85  6:41  Probe  
  85  6:42  Pylon  
  85  6:43  Probe x2  
  88  6:48  Zealot x2  
  90  6:55  Probe x2  
  90  7:01  Zealot x2  
  94  7:03  Photon Cannon  
  94  7:07  Pylon  
  88  7:12  Probe x2  
  90  7:19  Zealot x4  
  96  7:24  Probe x2  
  96  7:28  Pylon  
  98  7:35  Photon Cannon  
  98  7:36  Pylon  
  98  7:38  Shield Battery  
  98  7:39  Zealot x3  
  98  7:41  Assimilator  
  98  7:43  Observer  
  104  7:50  Probe x2  
  106  7:54  Zealot  
  106  7:55  Zealot x2, Robotics Bay  
  106  7:57  Probe  
  111  7:59  Assimilator  
  109  8:06  Zealot x3  
  109  8:07  Protoss Ground Armor Level 1 (Chrono Boost)  
  109  8:12  Probe  
  116  8:15  Pylon  
  116  8:18  Gateway x2  
  116  8:20  Zealot x2  
  116  8:21  Zealot  
  118  8:27  Stalker x2  
  112  8:38  Observer  
  112  8:40  Zealot  
  112  8:41  Zealot x2  
  110  8:42  Colossus (Chrono Boost)  
  110  8:45  Probe x2  
  100  8:54  Zealot x3  
  98  8:57  Probe  
  99  9:03  Robotics Bay  
  99  9:04  Extended Thermal Lance (Chrono Boost)  
  99  9:06  Robotics Facility  
  99  9:11  Zealot x3  
  99  9:15  Pylon  
  105  9:17  Pylon  
  105  9:22  Sentry, Zealot x2  
  111  9:30  Colossus (Chrono Boost)  
  111  9:37  Zealot x3  
  123  9:39  Zealot  
  125  9:59  Zealot x4  
  137  10:00  Zealot  
  137  10:02  Colossus (Chrono Boost)  
  137  10:05  Zealot x2  
  139  10:13  Colossus (Chrono Boost)  
  131  10:14  Stalker  
  111  10:25  Stalker x2  
  111  10:26  Zealot x3  
  103  10:30  Zealot  
  105  10:39  Stalker  
  105  10:40  Zealot  
  101  10:47  Zealot x3  
  105  10:53  Zealot x3  
  111  11:01  Zealot  
  112  11:04  Nexus  
  112  11:06  Sentry  
  112  11:07  Observer  
  115  11:13  Stalker  
  115  11:16  Stalker  
  117  11:23  Pylon  
  117  11:31  Pylon  
  117  11:34  Shield Battery  
  117  11:35  Pylon  
  117  11:37  Pylon  
  109  11:49  Pylon, Zealot x2  
  109  11:50  Zealot  
  109  11:54  Observer (Chrono Boost), Zealot  
  115  11:56  Zealot  
  115  12:00  Zealot  
  121  12:05  Stalker  
  121  12:06  Zealot  
  125  12:13  Zealot  
  107  12:20  Zealot x2  
Show
View Real Time Build Order
Export as new Build Order

iGXY Terran 

Build Orders:  

Get SALT Encoding   

  12  0:00  SCV  
  13  0:12  SCV  
  14  0:17  Supply Depot  
  14  0:24  SCV  
  15  0:38  SCV  
  15  0:40  Barracks  
  16  0:43  Refinery  
  16  0:50  SCV  
  17  1:03  SCV  
  18  1:15  SCV  
  19  1:26  Marine  
  19  1:27  Orbital Command  
  20  1:38  Command Center  
  20  1:49  Factory  
  20  1:54  SCV  
  21  2:02  Barracks Reactor  
  21  2:03  Supply Depot  
  21  2:07  SCV  
  22  2:19  Refinery, SCV  
  23  2:31  SCV  
  24  2:42  Hellion x2  
  24  2:43  SCV, Starport  
  29  2:51  Orbital Command  
  29  2:56  SCV  
  30  3:03  Widow Mine, Hellion  
  34  3:08  SCV  
  35  3:17  SCV  
  35  3:18  Medivac  
  38  3:25  Widow Mine x2  
  42  3:28  Supply Depot  
  42  3:30  SCV  
  42  3:32  SCV  
  44  3:39  Barracks Tech Lab  
  44  3:42  SCV  
  44  3:44  SCV  
  46  3:50  Starport Tech Lab  
  46  3:52  Supply Depot  
  46  3:54  SCV  
  47  4:00  SCV  
  47  4:01  Siege Tank  
  51  4:06  Marine x2, SCV  
  54  4:14  SCV  
  55  4:17  Supply Depot  
  55  4:18  SCV  
  55  4:23  Marine  
  55  4:24  Marine  
  58  4:26  SCV  
  57  4:33  Siege Tank  
  57  4:38  SCV, Bunker  
  55  4:41  Marine x2  
  55  4:42  SCV  
  54  4:46  Barracks x2  
  54  4:50  SCV  
  54  4:51  Raven  
  55  4:55  Engineering Bay  
  55  4:57  Refinery, SCV  
  55  4:59  Marine x2  
  58  5:02  SCV  
  58  5:06  Refinery  
  59  5:12  SCV, Siege Tank  
  62  5:17  Marine x2  
  62  5:18  SCV  
  62  5:20  Supply Depot  
  65  5:25  SCV  
  66  5:30  SCV, Supply Depot  
  66  5:33  Barracks Tech Lab  
  66  5:35  Marine x2  
  69  5:36  Supply Depot  
  69  5:37  SCV  
  69  5:38  Terran Infantry Weapons Level 1  
  69  5:42  Marine, SCV, Stimpack  
  72  5:49  SCV  
  73  5:50  Supply Depot  
  73  5:52  Marine  
  73  5:53  Marine, Starport Reactor  
  73  5:54  Marine, SCV  
  77  5:59  Marine  
  77  6:01  Supply Depot, Siege Tank, SCV  
  82  6:06  SCV  
  82  6:10  Marine x2  
  85  6:13  Marauder  
  85  6:14  Supply Depot  
  85  6:17  Combat Shield  
  89  6:23  Supply Depot x2  
  89  6:28  Marine x2  
  89  6:31  Medivac  
  93  6:35  Marine x2  
  93  6:36  Medivac  
  93  6:39  Supply Depot  
  95  6:43  Siege Tank  
  95  6:45  Supply Depot  
  95  6:46  Marine x2  
  100  6:49  SCV  
  100  6:52  SCV  
  89  7:03  SCV  
  89  7:04  Marine, SCV  
  89  7:05  Marine x3  
  92  7:10  Viking  
  94  7:15  Siege Tank  
  94  7:20  SCV x2  
  94  7:21  Marine  
  100  7:22  Marine  
  100  7:23  Marine x2  
  101  7:33  Terran Infantry Armor Level 1  
  101  7:35  SCV x2, Barracks  
  103  7:39  Marine  
  103  7:40  Marine x3  
  103  7:44  Barracks  
  107  7:47  SCV  
  105  7:51  Siege Tank  
  105  7:54  SCV  
  105  7:57  Marine  
  107  7:58  Marine x3  
  110  8:11  SCV  
  110  8:12  SCV  
  112  8:15  Marine  
  112  8:16  Marine x3  
  116  8:23  Siege Tank  
  116  8:24  SCV  
  120  8:32  Marine x2  
  120  8:33  Marine  
  120  8:34  Marine x3  
  114  8:41  Medivac  
  93  8:50  Marine x2  
  93  8:51  Marine  
  93  8:52  Marine x3  
  90  8:55  Siege Tank  
  90  8:57  SCV  
  89  9:04  Medivac  
  89  9:07  Marine  
  89  9:08  Marine x2  
  89  9:09  Marine x2  
  94  9:10  Marine, Medivac  
  99  9:25  Marine x2  
  99  9:26  Marine  
  99  9:27  Marine x3, SCV x2, Siege Tank  
  110  9:36  Liberator  
  113  9:39  SCV  
  113  9:40  Liberator  
  113  9:43  Marine x2  
  113  9:44  Marine  
  113  9:45  Marine x3  
  118  10:01  Marine x2  
  118  10:02  Marine  
  118  10:03  Marine x3  
  121  10:13  SCV  
  89  10:33  Siege Tank  
  79  10:47  Marine  
  71  11:05  SCV, Siege Tank  
  71  11:06  SCV  
  76  11:17  Marine  
  77  11:19  Marine x3  
  77  11:20  SCV  
  80  11:38  Marine  
  80  11:39  Marine x4  
  80  11:57  Marine  
  80  11:58  Marine x4  
  41  12:22  SCV  
  41  12:23  SCV  

Tags
 
Add a new tag
Caveats
  • Supply blocks, unpowered buildings, or Contaminate may cause inaccurate times.
  • Supply counts are checked every 10 seconds.